 Dungeon Crawl Stone Soup version 0.28.0-53-g5a82cb258f (webtiles) character file.

Game seed: 11203921895203466693

11782 kakkapylly the Cleaver (level 11, 0/104 HPs)
             Began as a Minotaur Berserker on July 3, 2022.
             Was an Elder of Trog.
             Slain by a boulder beetle (7 damage)
             ... on level 11 of the Dungeon.
             The game lasted 01:04:09 (29633 turns).

kakkapylly the Cleaver (Minotaur Berserker)        Turns: 29633, Time: 01:04:10

Health: 0/104      AC: 12    Str: 23      XL:     11   Next: 53%
Magic:  10/10      EV:  9    Int:  4      God:    Trog [****..]
Gold:   1441       SH:  0    Dex: 11 (13) Spells: 10/10 levels left

rFire   + . .      SeeInvis .   a - +1 hand axe (flame)
rCold   . . .      Faith    .   (no shield)
rNeg    . . .      Spirit   .   d - +0 chain mail
rPois   .          Reflect  .   (helmet restricted)
rElec   .          Harm     .   (no cloak)
rCorr   .          Rampage  .   (no gloves)
Will    .....                   (no boots)
Stlth   ..........              h - amulet of magic regeneration
HPRegen 0.27/turn               z - ring of protection from fire
MPRegen 0.52/turn               (no ring)

@: on berserk cooldown, slowed, invisible, very slow
A: horns 2, retaliatory headbutt, deterioration 1
a: Renounce Religion, Berserk, Trog's Hand, Brothers in Arms


You were on level 11 of the Dungeon.
You worshipped Trog.
Trog was greatly pleased with you.
You visited 1 branch of the dungeon, and saw 12 of its levels.
You also visited: Sewer.

You collected 1441 gold pieces.

Inventory:

Hand Weapons
 a - a +1 hand axe of flaming (weapon)
Missiles
 i - 38 poisoned darts (quivered)
 k - 3 throwing nets
 w - 382 stones
Armour
 d - a +0 chain mail (worn)
 j - a +1 ring mail
Jewellery
 f - an amulet of regeneration
 h - an amulet of magic regeneration (around neck)
 m - a ring of protection from fire
 t - a ring of ice
 u - an amulet of guardian spirit
 y - a ring of see invisible
 z - a ring of protection from fire (left hand)
Wands
 s - a wand of flame (17)
 x - a wand of acid (11)
Scrolls
 b - a scroll of enchant weapon
 c - 2 scrolls of enchant armour
 e - a scroll of fog
 g - a scroll of magic mapping
 r - a scroll of identify
Potions
 n - 4 potions of curing
 o - 2 potions of brilliance
 q - 5 potions of resistance
 v - a potion of ambrosia
 A - a potion of lignification


   Skills:
 + Level 12.2 Fighting
 - Level 14.8 Axes
 + Level 12.0 Armour
 - Level 2.2 Dodging


You had 10 spell levels left.
You didn't know any spells.
Your spell library was empty.

Dungeon Overview and Level Annotations

Branches:
Dungeon (12/15)            Temple (0/1) D:7            Lair (0/6) D:9
    Orc (0/2) D:11          Sewer (visited)

Altars:
Cheibriados
Gozag
Makhleb
Ru
Sif Muna
Uskayaw
Vehumet
Wu Jian
The Shining One

Shops:
D:5 *

Annotations:
D:6 1 runed translucent door, Crazy Yiuf
D:9 Erolcha


Innate Abilities, Weirdness & Mutations

You have a pair of horns on your head.
You reflexively headbutt those who attack you in melee.
Your body sometimes deteriorates upon taking damage.


Message History

You feel your anger nearly subside.
You are no longer berserk.
You are exhausted.
You feel yourself slow down. The boulder beetle bites you!!
The boulder beetle bites you!
You hit the boulder beetle but do no damage.
You headbutt the boulder beetle!
You punch the boulder beetle, but do no damage.
The boulder beetle is severely wounded.
The boulder beetle bites you but does no damage.
You hit the boulder beetle but do no damage.
You headbutt the boulder beetle, but do no damage.
The boulder beetle is severely wounded.
The boulder beetle bites you but does no damage.
You hit the boulder beetle but do no damage.
You headbutt the boulder beetle, but do no damage.
The boulder beetle is severely wounded.
The boulder beetle bites you but does no damage.
You hit the boulder beetle. You burn the boulder beetle.
You headbutt the boulder beetle!
The boulder beetle is almost dead.
The boulder beetle bites you but does no damage.
You hit the boulder beetle. You burn the boulder beetle.
You headbutt the boulder beetle, but do no damage.
The boulder beetle is almost dead.
You completely miss the boulder beetle. You headbutt the boulder beetle.
The boulder beetle is almost dead.
The boulder beetle bites you!!
You hit the boulder beetle but do no damage.
Your headbutt misses the boulder beetle.
The boulder beetle is almost dead.
The boulder beetle bites you!!
Your body deteriorates!
You feel clumsy.
You fade into invisibility!
The boulder beetle barely misses you. The boulder beetle bites you!
* * * LOW HITPOINT WARNING * * *
The boulder beetle bites you!
* * * LOW HITPOINT WARNING * * *
Your body deteriorates!
You feel clumsy.
You fail to use your ability.
The boulder beetle bites you!
You die...

#.. ##. ###########
##.. #.........#
###...
#.........####?'...
#.........##...#...
#.........##.###...
#.........'..# #...
#.@B.....(#### #...
##)######## #...
#))# #... ##...
#... ###.# ##.# .#
#.. # ##. #.
######.


You could see a boulder beetle.

Vanquished Creatures
  Nergalle (D:11)
  An unseen horror (D:11)
  A hornet (D:10)
  Grinder (D:6)
  4 slime creatures (D:9)
  13 yaks
  2 shadows (D:11)
  A wyvern (D:8)
  A basilisk (D:11)
  2 steam dragons (D:8)
  4 vampire mosquitoes (D:12)
  A two-headed ogre zombie (D:11)
  An acid dragon (D:11)
  Edmund (D:4)
  2 water moccasins
  A hornet zombie (D:7)
  A sky beast (D:4)
  4 orc warriors
  3 ice beasts
  A black bear (D:6)
  A necrophage (D:4)
  4 centaurs
  3 phantoms
  2 kobold brigands (D:9)
  4 bullfrogs
  A gnoll sergeant (D:11)
  2 scorpions (D:5)
  A wyvern zombie (D:7)
  2 troll zombies (D:11)
  17 killer bees
  A howler monkey (D:11)
  2 bullfrog zombies
  5 hounds
  5 centaur zombies
  4 orc priests
  A bullfrog skeleton (D:4)
  5 iguanas
  6 orc wizards
  A killer bee zombie (D:7)
  5 ogre zombies (D:11)
  A howler monkey zombie (D:9)
  7 adders
  15 gnolls
  8 river rats
  A shadow imp (D:6)
  3 white imps
  2 ufetubi
  An adder skeleton (D:4)
  A worm (D:4)
  3 dart slugs
  17 orcs
  5 bats
  10 endoplasms
  9 giant cockroaches
  8 goblins
  5 hobgoblins
  4 jackals (D:1)
  4 quokkas
  15 ball pythons
  5 frilled lizards
  A goblin skeleton (D:11)
  4 goblin zombies (D:11)
  A hobgoblin skeleton (D:11)
  A hobgoblin zombie (D:11)
  19 kobolds
  2 orc skeletons (D:11)
  16 orc zombies (D:11)
  31 rats
317 creatures vanquished.

Vanquished Creatures (collateral kills)
  A centaur (D:9)
  A kobold brigand (D:9)
  An orc (D:9)
  5 kobolds (D:9)
8 creatures vanquished.

Grand Total: 325 creatures vanquished

Notes
Turn   | Place    | Note
-------+----------+-------------------------------------------
     0 | D:1      | kakkapylly the Minotaur Berserker began the quest for the
                  | Orb.
     0 | D:1      | Reached XP level 1. HP: 19/19 MP: 0/0
   102 | D:1      | Reached skill level 4 in Axes
   205 | D:1      | Reached XP level 2. HP: 26/27 MP: 1/1
   701 | D:1      | Reached skill level 5 in Axes
   793 | D:1      | Reached XP level 3. HP: 28/33 MP: 2/2
  1208 | D:2      | Reached ** piety under Trog
  1727 | D:2      | Reached XP level 4. HP: 40/40 MP: 3/3
  1854 | D:2      | Reached skill level 6 in Axes
  2468 | D:3      | Found a glowing drain.
  2531 | Sewer    | Entered a sewer
  2812 | Sewer    | Reached XP level 5. HP: 46/46 MP: 4/4
  2889 | Sewer    | Reached skill level 7 in Axes
  3321 | Sewer    | Reached *** piety under Trog
  3987 | Sewer    | Reached skill level 8 in Axes
  3989 | Sewer    | Reached XP level 6. HP: 41/52 MP: 5/5
  4912 | D:4      | Reached skill level 9 in Axes
  5071 | D:4      | Reached XP level 7. HP: 58/58 MP: 6/6
  5135 | D:4      | Reached skill level 10 in Axes
  5865 | D:4      | Reached **** piety under Trog
  6103 | D:4      | Noticed Edmund
  6130 | D:4      | Killed Edmund
  6667 | D:4      | Identified the +0 cloak of Decompression {rC+ Dex+4}
  6765 | D:4      | Gained mutation: Your body sometimes deteriorates upon
                  | taking damage. [potion of mutation]
  7287 | D:5      | Entered Level 5 of the Dungeon
  7382 | D:4      | Reached skill level 11 in Axes
  7411 | D:5      | Found Gozag's Platinum Reserve.
  7436 | D:5      | Found an opulent altar of Gozag.
  7961 | D:5      | Reached XP level 8. HP: 66/66 MP: 7/7
  8371 | D:5      | Reached skill level 12 in Axes
  9264 | D:5      | Identified the +6 rapier of the Shore {spect, Fly Int+2}
  9360 | D:5      | Reached skill level 13 in Axes
  9956 | D:4      | Identified a scroll of acquirement
  9956 | D:4      | Acquired 822 gold pieces
 11735 | D:6      | Found a runed translucent door.
 11736 | D:6      | Noticed Crazy Yiuf
 11827 | D:6      | Reached skill level 14 in Axes
 12490 | D:6      | Reached XP level 9. HP: 71/71 MP: 8/8
 12935 | D:6      | Found a radiant altar of Vehumet.
 12939 | D:6      | Noticed Grinder
 12973 | D:6      | Killed Grinder
 13728 | D:6      | Found a burning altar of Makhleb.
 15221 | D:7      | Found a sacrificial altar of Ru.
 15656 | D:7      | Found a staircase to the Ecumenical Temple.
 15751 | D:7      | Reached skill level 5 in Fighting
 16438 | D:8      | Reached skill level 5 in Armour
 17262 | D:8      | Reached XP level 10. HP: 84/86 MP: 9/9
 17753 | D:9      | Found a hide-covered altar of Uskayaw.
 17753 | D:9      | Found an ornate altar of the Wu Jian Council.
 18083 | D:9      | Found a staircase to the Lair.
 18104 | D:9      | Found a glowing golden altar of the Shining One.
 21186 | D:9      | Noticed Erolcha
 21322 | D:10     | Entered Level 10 of the Dungeon
 21663 | D:10     | Found a shimmering blue altar of Sif Muna.
 23748 | D:10     | Reached skill level 10 in Fighting
 24309 | D:10     | Reached skill level 10 in Armour
 24511 | D:10     | Found a snail-covered altar of Cheibriados.
 24514 | D:10     | Paralysed by a hornet for 2 turns
 24519 | D:10     | Reached XP level 11. HP: 95/101 MP: 10/10
 25424 | D:11     | Noticed Nergalle
 25443 | D:11     | Noticed a spectral orc warlord
 25443 | D:11     | Killed Nergalle
 28234 | D:11     | Found a staircase to the Orcish Mines.
 29596 | D:11     | Noticed a boulder beetle
 29633 | D:11     | Slain by a boulder beetle

Illustrated notes

Levels and vault maps discovered:
D:1:      mrwooster_arrival_arrow, layout_rooms
D:2:      layout_basic
D:3:      layout_basic, portal_sewer_entry_a
D:4:      layout_basic, uniq_edmund
D:5:      layout_layer_cave, nicolae_gozag_zags_fifth_avenue
D:6:      layout_basic, nicolae_vehumet_radiance, bloody_makhleb, uniq_grinder,
          uniq_crazy_yiuf_cottage
D:7:      layout_basic, hangedman_ru_absence, temple_fountains
D:8:      layout_basic
D:9:      layout_roguey, nicolae_overflow_hidden_temple, lair_entry_dummy,
          uniq_erolcha
D:10:     layout_layer_cave, mainiacjoe_overflow_concentric_impassable,
          mainiacjoe_overflow_24_doors
D:11:     layout_roguey, zombieorc2_lemuel, uniq_nergalle
D:12:     layout_irregular_city, ebering_ghost_reflecting_pool,
          gauntlet_entry_generic, minmay_radiant

Skill      XL: |  1  2  3  4  5  6  7  8  9 10 11 |
---------------+----------------------------------+-----
Axes           | 4 5 6 8 9 11 14 | 14.8
Fighting       | 7 10 12 | 12.2
Armour         | 6 10 12 | 12.0
Dodging        | |  2.2

Action                   |  1- 3 |  4- 6 |  7- 9 | 10-12 || total
-------------------------+-------+-------+-------+-------++-------
Melee: Hand axe          |    67 |   147 |   324 |   340 ||   878
       Headbutt          |    10 |    25 |    68 |    89 ||   192
       Punch             |     1 |       |     5 |     6 ||    12
Throw: Dart              |     4 |     2 |       |       ||     6
       Throwing net      |     1 |       |       |       ||     1
Invok: Berserk           |     3 |     6 |    17 |    21 ||    47
       Brothers in Arms  |       |       |     1 |       ||     1
       Trog's Hand       |       |       |       |     2 ||     2
Evoke: Wand              |       |       |     7 |    22 ||    29
  Use: Scroll            |       |     8 |    10 |     8 ||    26
       Potion            |       |       |     9 |     5 ||    14
 Stab: Distracted        |       |       |       |     1 ||     1
Armor: Animal skin       |    18 |       |       |       ||    18
       Ring mail         |     3 |    72 |    18 |       ||    93
       Chain mail        |       |       |    96 |   143 ||   239
Dodge: Dodged            |    41 |    91 |   120 |   115 ||   367
